giann, lawful female dwarven Valkyrie # -------- ------------- |.......# ##|...........| |......|# # |.........(.| |.......##########............%)#) |......| # #|..<........| ---------------- --+----- ### #----.-------- |..............| ############# ## # |..............| ### # # #...............| # ##### # ###|...............## ----------.--# ### # ---------------- # |...........|# # ### # ### |...........|# ### # # |............# # ## ### ##@------ ------------- ----.------ # @@....| # |..........# ### |.^.>| |......{..| # |....| |..........##### ------ ----------- giann the Fighter Experience level: 6 Strength: 18/08 Dexterity: 11 Constitution: 17 Intelligence: 10 Wisdom: 8 Charisma: 10 Health: 0(59) Energy: 6(6) Def: 8 Gold: 83 Moves: 4190 Dungeon seed: o6NrLSMKMielBNg1 Game ID: giann_1506277571 Your Inventory: Coins $ - 83 gold pieces Weapons b - a +0 dagger E - a +0 broadsword (weapon in hand) Armor e - an uncursed +3 small shield (being worn) n - a blessed +1 orcish helm (being worn) q - an uncursed +0 leather armor (being worn) Comestibles g - 3 uncursed food rations l - 2 uncursed food rations w - an uncursed slime mold Spellbooks v - an uncursed spellbook of haste self G - an uncursed spellbook of invisibility J - an uncursed spellbook of sleep Potions x - an uncursed potion of levitation Rings p - an uncursed ring of protection from shape changers (on left hand) Wands h - a wand of probing (0:3) j - a wand of make invisible (0:6) F - a wand of sleep (0:6) Tools d - an uncursed oil lamp (0:1050) Spells and supernatural/magical abilities: Name Level Category Fail Memory W - pray for help -- divine ? -- Your skills at the end: Fighting Skills wands [Basic] Weapon Skills dagger [Basic] long sword [Basic] Spellcasting Skills Final Attributes: You were stridently aligned. You were cold resistant. You had infravision. You were stealthy. You aggravated monsters. You were protected from shape changers. You are dead. Vanquished creatures: a dog a dingo a bugbear a rock piercer a rock mole 2 ponies a fog cloud 2 yellow lights a shrieker an elf zombie a ghoul a little dog 2 kittens 2 kobold lords 4 hill orcs a monkey 5 dwarf zombies an iguana an acid blob a coyote a hobbit 5 large kobolds 2 hobgoblins 9 giant rats 2 yellow molds 3 green molds a red mold 10 garter snakes 2 geckos 4 jackals 4 goblins a sewer rat 9 grid bugs 3 bats 2 lichens 4 kobold zombies 10 newts 103 creatures vanquished. Voluntary challenges: You had followed a strict vegan diet until turn 2208. You had followed a strict vegetarian diet until turn 2208. You had been an atheist until turn 3555. You used a wielded weapon 115 times, starting on turn 307. You read items or engraved 10 times, starting on turn 3838. You never genocided any monsters. You never polymorphed an object. You never changed form. You used no wishes. You never split a pudding. You never wrote Elbereth's name. You violated your moral code, losing 30 points of alignment, starting on turn 3895. Dungeon overview: The Dungeons of Doom: levels 1 to 8 Level 1 a long staircase Level 2 Level 3 a fountain, a vault Level 4 a general store, a fountain a long staircase Level 5 many fountains Level 6 some fountains a long staircase Level 7 an altar to Tyr, a fountain, a vault Level 8 <- You were here a fountain History has recorded: On T:1 you entered the Dungeons of Doom to retrieve the Amulet of Yendor! On T:471 you reached level 2 of The Dungeons of Doom. On T:862 you reached level 3 of The Dungeons of Doom. On T:1013 you advanced to experience level 2. On T:1408 you reached level 4 of The Dungeons of Doom. On T:1478 you advanced to experience level 3. On T:2005 you reached level 5 of The Dungeons of Doom. On T:2020 you advanced to experience level 4. On T:2359 you advanced to experience level 5. On T:2697 you reached level 6 of The Dungeons of Doom. On T:3167 you advanced to experience level 6. On T:3367 you reached level 7 of The Dungeons of Doom. On T:3829 you reached level 8 of The Dungeons of Doom. Score breakdown: Gold: 83 ( 6545 points) Experience: 6 levels (12456 points) Exploration: 8 levels ( 16.33%) (11456 points) Discoveries: 9 items ( 3.61%) ( 5703 points) Valuables value: (no points given unless you survive) Artifact value: 0 ( 0 points) Variety of kills: 37 monsters ( 9.66%) ( 9324 points) Turncount: 4190 turns (-1093 points) Survival: died (score multiplied by 80%) Total score: 35512 Latest messages: You hear some noises in the distance. The hobgoblin is killed! The Green-elf thrusts his runed short sword at you. The Green-elf misses. The Green-elf wields a runed spear! You miss the Green-elf. The Green-elf thrusts his runed short sword at you. The Green-elf hits! The Green-elf picks up a few items from the floor. You hit the Green-elf! The Green-elf thrusts his runed short sword at you. The Green-elf hits! The Green-elf wields a runed broadsword! The Green-elf swings her runed broadsword at you. The Green-elf hits! You miss the Green-elf. The Green-elf thrusts his runed short sword at you. The Green-elf misses. The Green-elf swings her runed broadsword at you. The Green-elf hits! You hit the Green-elf! The Green-elf thrusts his runed short sword at you. The Green-elf hits! The Green-elf swings her runed broadsword at you. The Green-elf hits! You die... Final status: Farvel giann the Valkyrie, killed by a Green-elf... You died in The Dungeons of Doom on dungeon level 8 with 35512 points, and 83 pieces of gold, after 4190 moves. You were level 6 with a maximum of 59 hit points when you died.